 Dungeon Crawl Stone Soup version 0.25-a0-189-gf71692caf1 (webtiles) character file.

Game seed: 7306991447020947281, levelgen mode: deterministic

7053 floatRand the Grappler (level 10, -9/83 HPs)
             Began as a Troll Transmuter on Nov 29, 2019.
             Was a Believer of Ashenzari.
             Mangled by a hornet (10 damage)
             ... on level 10 of the Dungeon.
             The game lasted 00:15:04 (9281 turns).

floatRand the Grappler (Troll Transmuter)           Turns: 9281, Time: 00:15:05

Health: -9/83      AC:  8    Str: 20    XL:     10   Next: 83%
Magic:  0/10       EV:  8    Int: 12    God:    Ashenzari [**....]
Gold:   741        SH:  8    Dex: 10    Spells: 2/11 levels left

rFire    . . .     SeeInvis +     - Unarmed
rCold    + . .     Gourm    +   G - +0 shield
rNeg     . . .     Faith    .   I - +2 robe {rC+}
rPois    .         Spirit   +   (helmet restricted)
rElec    .         Reflect  .   i - scarf {Spirit} (curse)
rCorr    .         Harm     .   (gloves unavailable)
MR       .....                  (boots unavailable)
Stlth    +.........             (no amulet)
HPRegen  0.63/turn              x - ring of see invisible (curse)
MPRegen  0.12/turn              (no ring)

@: slowed, invisible, very slow
A: large, unfitting armour, claws 3, fast metabolism 3, gourmand, regeneration
1, shaggy fur 1, tough skin 3
a: Curse Item, Scrying, Renounce Religion


You were on level 10 of the Dungeon.
You worshipped Ashenzari.
Ashenzari was pleased with you.
You were not hungry.

You visited 2 branches of the dungeon, and saw 11 of its levels.

You collected 741 gold pieces.

Inventory:

Hand Weapons
 h - a +4 scimitar of flaming
Missiles
 a - 230 arrows
Armour
 b - a +1 robe
 i - a cursed scarf of spirit shield (worn)
 E - +0 steam dragon scales
 G - a +0 shield (worn)
 I - a +2 robe of cold resistance (worn)
Jewellery
 o - an uncursed ring of ice
 x - a cursed ring of see invisible (left claw)
Wands
 e - a wand of enslavement (8)
 p - a wand of flame (15)
 y - a wand of iceblast (19)
 z - a wand of disintegration (18)
 B - a wand of clouds (6)
 D - a wand of scattershot (5)
 J - a wand of paralysis (19)
 L - a wand of digging (4)
Scrolls
 k - 12 scrolls of teleportation
 n - 2 scrolls of amnesia
 r - 5 scrolls of remove curse
 s - 2 scrolls of enchant weapon
 t - a scroll of enchant armour
 w - 3 scrolls of fog
 K - a scroll of magic mapping
 M - a scroll of identify
Potions
 f - a potion of mutation
 g - a potion of might
 j - 2 potions of agility
 l - 4 potions of flight {unknown}
 m - a potion of ambrosia {unknown}
 q - 4 potions of brilliance
 u - 4 potions of lignification {unknown}
 v - 5 potions of curing
 A - a potion of resistance
 F - a potion of berserk rage {unknown}
 H - a potion of cancellation {unknown}
Comestibles
 d - 20 rations


   Skills:
 - Level 0.7 Fighting
 - Level 1.5 Dodging
 + Level 3.0 Shields
 * Level 13.2 Unarmed Combat
 - Level 1.2 Spellcasting
 + Level 7.3 Transmutations


You had 2 spell levels left.
You knew the following spells:

 Your Spells              Type           Power        Failure   Level  Hunger
a - Beastly Appendage     Tmut           ###...       4%          1    ##.....
b - Spider Form           Tmut/Pois      #.........   56%         3    ####...
c - Blade Hands           Tmut           ###.......   80%         5    ######.

Your spell library contained the following spells:

 Spells                   Type           Power        Failure   Level  Hunger
 Sticks to Snakes         Tmut           ###.....     8%          2    ###....
 Summon Small Mammal      Summ           #...         71%         1    ##.....
 Call Imp                 Summ           #.......     85%         2    ###....
 Ice Form                 Ice/Tmut       #.......     92%         4    #####..
 Call Canine Familiar     Summ           #.......     97%         3    ####...
 Summon Guardian Golem    Hex/Summ       #.......     97%         3    ####...
 Summon Ice Beast         Ice/Summ       #.......     100%        4    #####..
 Summon Lightning Spire   Summ/Air       #.......     100%        4    #####..


Dungeon Overview and Level Annotations

Branches:
Dungeon (10/15)            Temple (1/1) D:6
   Lair: D:8-11         Orc: D:9-12

Altars:
Ashenzari
Cheibriados
Dithmenos
Elyvilon
Fedhas
Gozag
Hepliaklqana
Kikubaaqudgha
Makhleb
Nemelex Xobeh
Okawaru
Qazlal
Ru
Sif Muna
Trog
Uskayaw
Vehumet
Wu Jian
Xom
Yredelemnul
Zin
The Shining One

Shops:
D:7 }

Annotations:
D:10 whew


Innate Abilities, Weirdness & Mutations

You are too large for most types of armour.
You have claws for hands.
Your metabolism is lightning-fast.
You like to eat raw meat.
Your natural rate of healing is unusually fast.
You are covered in fur. (AC +1)
You have extremely tough skin. (AC +3)


Message History

Unknown command.
You closely miss the hornet.
The hornet is lightly wounded.
* * * LOW HITPOINT WARNING * * *
You feel very sick.
The hornet stings you but does no damage.
The hornet stings you.
* * * LOW HITPOINT WARNING * * *
You feel as though you will be slow longer.
Unknown command.
It was a potion of curing.
You feel better. You block the hornet's attack. The hornet barely misses you.
Unknown command.
Okay, then.
You fade into invisibility!
The hornet stings you!
* * * LOW HITPOINT WARNING * * *
You feel as though you will be slow longer.
The hornet closely misses you. The hornet stings you!
You die...

** *######################### ,
......Ty@................ ,
......W###............... ##.....
#...#####....... .............#
#....... ,
.............#####....)..
,,..(....................†.
##########.....................
###........#........##########...
...........##########........#..#


You could see a troll, a hornet and a wraith.

Vanquished Creatures
  Erica (D:9)
  A deep troll earth mage (D:10)
  A tengu warrior (D:10)
  Pikel (D:8)
  An ugly thing (D:10)
  A kobold demonologist (D:10)
  Grinder (D:4)
  A spriggan (D:7)
  Eustachio (D:4)
  2 steam dragons
  Edmund (D:4)
  A water moccasin (shapeshifter) (D:10)
  A water moccasin (D:7)
  2 orc warriors (D:7)
  An ice beast (D:10)
  2 sky beasts
  A slave (D:8)
  A phantom (D:10)
  A necrophage (D:6)
  6 centaurs
  4 ogres
  A big kobold (D:10)
  2 bullfrogs
  A wyvern skeleton (D:9)
  4 scorpions
  4 wights
  2 crimson imps
  A centaur zombie (D:6)
  5 hounds
  2 orc priests
  2 jellies (D:9)
  A gnoll shaman (D:5)
  4 orc wizards
  Natasha (thrice) (D:2)
  2 iguanas
  8 worker ants
  A hound zombie (D:5)
  A hound skeleton (D:4)
  A howler monkey zombie (D:6)
  Robin (D:2)
  10 adders
  5 gnolls (D:6)
  A shadow imp (D:10)
  2 adder zombies (D:5)
  3 worms (D:2)
  4 leopard geckos
  14 orcs
  4 bats
  6 giant cockroaches
  14 goblins
  5 hobgoblins
  4 jackals
  2 quokkas
  4 ball pythons (D:2)
  6 frilled lizards
  2 giant cockroach zombies (D:6)
  5 kobolds
  A leopard gecko skeleton (D:6)
  A leopard gecko zombie (D:9)
  A quokka skeleton (D:4)
  7 rats
179 creatures vanquished.

Vanquished Creatures (others)
  An orc warrior (D:10)
  An ogre (D:6)
  An orc wizard (D:6)
  A worker ant (D:6)
  A leopard gecko (D:7)
  A ball python (D:6)
  A kobold (D:10)
7 creatures vanquished.

Grand Total: 186 creatures vanquished

Notes
Turn   | Place    | Note
-------+----------+-------------------------------------------
     0 | D:1      | floatRand the Troll Transmuter began the quest for the Orb.
     0 | D:1      | Reached XP level 1. HP: 18/18 MP: 1/1
   193 | D:1      | Reached XP level 2. HP: 26/26 MP: 2/2
   840 | D:2      | Noticed Natasha
   855 | D:2      | HP: 1/26 [Natasha (3)]
   856 | D:2      | Killed Natasha
   856 | D:2      | Reached skill level 4 in Unarmed Combat
   856 | D:2      | Reached XP level 3. HP: 1/32 MP: 0/3
  1037 | D:2      | Found a sparkling altar of Nemelex Xobeh.
  1239 | D:2      | You fall into a shaft and drop 1 floor!
  1463 | D:3      | Reached XP level 4. HP: 38/40 MP: 4/4
  1682 | D:3      | Noticed a centaur
  1688 | D:3      | Killed a centaur
  1688 | D:3      | Reached skill level 5 in Unarmed Combat
  1688 | D:3      | Reached XP level 5. HP: 35/46 MP: 5/5
  2112 | D:2      | Noticed Robin
  2175 | D:2      | Killed Robin
  2285 | D:2      | Noticed Natasha
  2293 | D:2      | Killed Natasha
  2679 | D:2      | Noticed Natasha
  2684 | D:2      | Killed Natasha
  2923 | D:4      | Noticed Edmund
  2939 | D:4      | Killed Edmund
  2939 | D:4      | Reached skill level 6 in Unarmed Combat
  2939 | D:4      | Reached XP level 6. HP: 30/54 MP: 2/6
  3175 | D:4      | Learned a level 3 spell: Spider Form
  3390 | D:4      | Noticed Eustachio
  3412 | D:4      | Killed Eustachio
  3412 | D:4      | Reached skill level 7 in Unarmed Combat
  3412 | D:4      | Reached XP level 7. HP: 26/61 MP: 2/7
  3959 | D:4      | Noticed Grinder
  3974 | D:4      | Paralysed by Grinder for 3 turns
  3978 | D:4      | Killed Grinder
  3978 | D:4      | Reached skill level 8 in Unarmed Combat
  4095 | D:5      | Entered Level 5 of the Dungeon
  4268 | D:5      | Reached XP level 8. HP: 68/68 MP: 8/8
  4726 | D:6      | Found a shimmering altar of Xom.
  4820 | D:5      | Reached skill level 9 in Unarmed Combat
  4974 | D:6      | Learned a level 5 spell: Blade Hands
  5344 | D:6      | Reached skill level 5 in Transmutations
  5449 | D:6      | Found a staircase to the Ecumenical Temple.
  5596 | Temple   | Entered the Ecumenical Temple
  5667 | Temple   | Became a worshipper of Ashenzari the Shackled
  5749 | D:7      | Reached skill level 10 in Unarmed Combat
  5867 | D:7      | Reached XP level 9. HP: 69/75 MP: 7/9
  6138 | D:7      | Found Eziqap's Gadget Shoppe.
  6823 | D:8      | Noticed Pikel
  6832 | D:8      | Killed Pikel
  6832 | D:8      | Reached skill level 11 in Unarmed Combat
  7432 | D:9      | Noticed Erica
  7464 | D:9      | Killed Erica
  7464 | D:9      | Reached XP level 10. HP: 10/83 MP: 1/10
  7718 | D:9      | Reached skill level 12 in Unarmed Combat
  7881 | D:9      | Reached * piety under Ashenzari
  8453 | D:10     | Entered Level 10 of the Dungeon
  8558 | D:10     | Noticed a tengu warrior
  8570 | D:10     | Noticed a white ugly thing
  8571 | D:10     | Noticed a deep troll earth mage
  8600 | D:10     | Killed a deep troll earth mage
  8600 | D:10     | Reached skill level 1 in Shields
  8612 | D:10     | Killed a green ugly thing
  8628 | D:10     | Killed a tengu warrior
  8879 | D:10     | Reached skill level 13 in Unarmed Combat
  8920 | D:10     | Reached ** piety under Ashenzari
  9267 | D:10     | Paralysed by a hornet for 1 turns
  9272 | D:10     | Paralysed by a hornet for 1 turns
  9279 | D:10     | HP: 4/83 [poisoned by a hornet]
  9281 | D:10     | HP: 1/83 [hornet (12)]
  9281 | D:10     | Mangled by a hornet

Levels and vault maps discovered:
D:1:      elethiomel_arrival_infinity_welcomes_careful_drivers,
          layout_loops_ring, nrook_campfire
D:2:      layout_basic, old_standard_altar, first_ration, minmay_tiny_reverse_x,
          uniq_natasha, uniq_robin
D:3:      layout_basic
D:4:      layout_loops_corners, serial_co_window_serial, co_window_corner_a,
          co_window_paths_b, co_window_corner_a, co_window_corner_a,
          co_window_paths_a, co_window_2corner, co_window_corner_cb,
          co_window_broadway_c, co_window_paths_e, glass_columns_a,
          glass_columns_c, glass_columns_a, glass_columns_b, glass_columns_a,
          serial_park_tiny_pond, uniq_grinder, uniq_eustachio, uniq_edmund
D:5:      layout_loops_ring
D:6:      layout_loops_ring, temple_statues, xom_confusion_cloud
D:7:      layout_loops_ring, serial_shops, kennysheep_little_box, the_bakery
D:8:      layout_basic, uniq_pikel
D:9:      layout_basic, hive_lemuel, uniq_erica
D:10:     layout_stronghold, onia_ninara_dug_in_and_dangerous
Temple:   nicolae_temple_the_god_donut

Skill      XL: |  1  2  3  4  5  6  7  8  9 10 |
---------------+-------------------------------+-----
Unarmed Combat | 4 5 6 7 8 10 11 13 | 13.2
Transmutations | 2 3 4 5 6 7 |  7.3
Shields        | 3 |  3.0
Fighting       | |  0.7
Dodging        | |  1.5
Spellcasting   | |  1.2

Action                   |  1- 3 |  4- 6 |  7- 9 | 10-12 || total
-------------------------+-------+-------+-------+-------++-------
Melee: Unarmed           |   117 |   146 |   247 |   168 ||   678
       Punch             |       |     3 |     8 |       ||    11
       Headbutt          |       |       |     1 |       ||     1
 Cast: Beastly Appendage |       |       |     1 |       ||     1
Invok: Curse Item        |       |       |     2 |       ||     2
  Use: Potion            |       |     1 |     1 |     6 ||     8
       Scroll            |       |     9 |     8 |       ||    17
 Stab: Sleeping          |     1 |     1 |       |       ||     2
       Invisible         |       |       |       |     3 ||     3
  Eat: Chunk             |    14 |    23 |    35 |    13 ||    85
Armor: Robe              |    35 |    52 |    59 |    47 ||   193
       Steam dragon scal |       |       |    16 |       ||    16
Dodge: Dodged            |    60 |    88 |    87 |    53 ||   288
Block: Shield            |       |       |     9 |    71 ||    80

Table legend:
 A = Non-vault XP
 B = Vault XP
 C = Vault XP percentage of total XP
 D = Non-vault monster count
 E = Vault monster count
 F = Vault count percentage of total count
                 A         B        C        D         E       F
            +---------+---------+-------+---------+---------+-------
      Total |    4837 |    5239 |  52.0 |     146 |      33 |  18.4
            +---------+---------+-------+---------+---------+-------
        D:1 |      22 |       0 |   0.0 |      15 |       0 |   0.0
        D:2 |     117 |      76 |  39.4 |      20 |      13 |  39.4
        D:3 |     145 |       4 |   2.7 |      12 |       2 |  14.3
        D:4 |     360 |     636 |  63.9 |      15 |       3 |  16.7
        D:5 |     122 |       0 |   0.0 |       8 |       0 |   0.0
        D:6 |     802 |     333 |  29.3 |      20 |       5 |  20.0
        D:7 |    1032 |     205 |  16.6 |      15 |       1 |   6.2
        D:8 |     156 |     586 |  79.0 |       7 |       1 |  12.5
        D:9 |     616 |     902 |  59.4 |      18 |       1 |   5.3
       D:10 |    1465 |    2497 |  63.0 |      16 |       7 |  30.4
            +---------+---------+-------+---------+---------+-------
